 Dungeon Crawl Stone Soup version 0.32-a0-132-g2d33c3cfaf (webtiles) character file.

Game seed: 2218149841935895562

761 sanka the Skirmisher (level 7, -1/40 HPs)
             Began as a Deep Elf Hunter on Feb 9, 2024.
             Was a Follower of Okawaru.
             Slain by a gnoll
             ... wielding a +0 halberd
             ... led by a gnoll bouda
              (16 damage)
             ... on level 5 of the Dungeon.
             The game lasted 00:04:58 (3551 turns).

sanka the Skirmisher (Deep Elf Hunter)              Turns: 3551, Time: 00:04:59

Health: -1/40      AC:  3    Str:  8    XL:     7   Next: 51%
Magic:  8/9        EV: 12    Int: 14    God:    Okawaru [*.....]
Gold:   272        SH:  0    Dex: 20    Spells: 6/6 levels left

rFire   . . .        b - +3 sling
rCold   . . .        (no shield)
rNeg    . . .        c - +0 leather armour
rPois   .            (no helmet)
rElec   .            (no cloak)
rCorr   .            (no gloves)
SInv    .            (no boots)
Will    .....        (no amulet)
Stlth   ++           (no ring)
HPRegen 0.26/turn    (no ring)
MPRegen 0.11/turn

%: no passive effects
@: no status effects
A: no striking features
a: Renounce Religion, Heroism


You were on level 5 of the Dungeon.
You worshipped Okawaru.
Okawaru was aware of your devotion.
You visited 1 branch of the dungeon, and saw 5 of its levels.

You collected 272 gold pieces.


   Skills:
 - Level 2.0 Fighting
 + Level 11.9 Ranged Weapons
 - Level 2.4 Dodging
 - Level 1.2 Stealth


You had 6 spell levels left.
You didn't know any spells.
Your spell library was empty.

Inventory:

Hand Weapons
 a - a +0 shortbow
 b - a +3 sling (weapon)
Armour
 c - a +0 leather armour (worn)
Jewellery
 d - a ring of positive energy
Scrolls
 e - 2 scrolls of teleportation {unknown}
 g - 3 scrolls of identify {unknown}
 i - a scroll of blinking {unknown}
 l - 2 scrolls of fear {unknown}
 m - a scroll of amnesia {unknown}
 n - a scroll of enchant weapon {unknown}
 q - a scroll of enchant armour {unknown}
 r - a scroll of torment {unknown}
 s - a scroll of vulnerability {unknown}
 u - a scroll of butterflies
Potions
 f - a potion of magic {unknown}
 h - a potion of might {unknown}
 j - 3 potions of curing {unknown}
 k - a potion of berserk rage {unknown}
 o - a potion of degeneration {unknown}
 p - a potion of lignification {unknown}
 t - a potion of heal wounds {unknown}

Dungeon Overview and Level Annotations

Branches:
Dungeon (5/15)             Temple (0/1) D:5

Altars:
Gozag
Makhleb
Okawaru
Qazlal
Vehumet
Zin

▒▒▒▒▒▒▒.........▒
▒.))............▒▒
▒▒▒▒▒▒▒..........▒▒
▒▒.............▒
▒▒▒▒..........g...▒
▒....▒▒▒.....▒▒▒..▒
▒.▒▒.▒~~~~~~~g$▒..▒
▒▒▒▒.▒~▒.....▒~▒).▒
▒..~.......~e..▒
▒..~.......~...▒
....~...>...~...▒
▒.▒..~.......~...▒
▒.▒..~.......~...▒
..▒~▒.....▒~▒.▒▒
..▒~~~~~~~~~▒.▒
.....▒▒ .▒


You could see a gnoll.


Message History

The gnoll is almost dead.
The gnoll is no longer moving quickly.
The gnoll splashes around in the water.
You shoot a sling bullet. The sling bullet hits the gnoll!
You kill the gnoll!
Okawaru accepts your kill.
You hear a splash.
You feel like a meek peon again.
The gnoll hits you from afar with a +0 halberd.
* * * LOW HITPOINT WARNING * * *
You shoot a sling bullet. The sling bullet hits the gnoll.
The gnoll is lightly wounded.
The gnoll barely misses you.
You shoot a sling bullet.
The sling bullet hits the gnoll but does no damage.
The gnoll is lightly wounded.
The gnoll closely misses you.
You shoot a sling bullet. The sling bullet hits the gnoll.
The gnoll is heavily wounded.
The gnoll misses you.
You shoot a sling bullet.
The sling bullet closely misses the gnoll.
You shoot a sling bullet. The sling bullet hits the gnoll.
The gnoll is heavily wounded.
The gnoll hits you from afar with a +0 halberd!
You die...

Action                     |  1- 3 |  4- 6 |  7- 9 || total
---------------------------+-------+-------+-------++-------
   Fire: Shortbow          |    82 |   149 |       ||   231
         Sling             |       |     9 |    54 ||    63
 Invoke: Heroism           |       |     5 |     2 ||     7
 Armour: Leather armour    |     6 |    29 |    12 ||    47
  Dodge: Dodged            |    12 |    36 |    25 ||    73

Levels and vault maps discovered:
D:1:      dpeg_arrival_refuge, layout_basic, corexii_hall_statues_x, st_stairs_2
D:2:      layout_basic, minmay_strange_pillars
D:3:      layout_rooms, gammafunk_temple_overflow_wave,
          shapermc_ecumenical_altar_mp_highgroup, chequers_serial_rivers_room_a,
          mrwooster_statue_mirror
D:4:      layout_rooms
D:5:      layout_rooms, grunt_temple_overflow_order_and_chaos_2,
          nicolae_gozag_cash_rules_everything_around_me,
          minmay_temple_entry_water_ring, serial_curves, eino_curves_04,
          eino_curves_03

Notes
Turn   | Place    | Note
-------+----------+-------------------------------------------
     0 | D:1      | sanka the Deep Elf Hunter began the quest for the Orb.
     0 | D:1      | Reached XP level 1. HP: 12/12 MP: 3/3
   101 | D:1      | Reached skill level 2 in Fighting
   173 | D:1      | Reached XP level 2. HP: 17/17 MP: 4/4
   746 | D:2      | Reached skill level 6 in Ranged Weapons
   969 | D:2      | Reached XP level 3. HP: 21/21 MP: 5/5
  1619 | D:3      | Reached skill level 7 in Ranged Weapons
  1621 | D:3      | Reached XP level 4. HP: 26/26 MP: 6/6
  1711 | D:3      | Found a faded altar of an unknown god.
  1754 | D:3      | Prayed at the altar of an unknown god.
  1754 | D:3      | Became a worshipper of Warmaster Okawaru
  1754 | D:3      | Reached * piety under Okawaru
  2032 | D:3      | Found a radiant altar of Vehumet.
  2032 | D:3      | Found a stormy altar of Qazlal.
  2120 | D:4      | Reached skill level 8 in Ranged Weapons
  2231 | D:4      | Reached XP level 5. HP: 19/30 MP: 7/7
  2307 | D:4      | Noticed an ogre
  2317 | D:4      | Killed an ogre
  2318 | D:4      | Reached skill level 9 in Ranged Weapons
  2601 | D:4      | Reached XP level 6. HP: 35/35 MP: 8/8
  2739 | D:5      | Entered Level 5 of the Dungeon
  2739 | D:5      | Found an opulent altar of Gozag.
  2922 | D:5      | Reached skill level 10 in Ranged Weapons
  3162 | D:5      | Reached XP level 7. HP: 40/40 MP: 6/9
  3281 | D:5      | Reached skill level 11 in Ranged Weapons
  3307 | D:5      | Found a glowing silver altar of Zin.
  3307 | D:5      | Found a burning altar of Makhleb.
  3308 | D:5      | Noticed an Executioner
  3308 | D:5      | Noticed an angel
  3423 | D:5      | Reached ** piety under Okawaru
  3459 | D:5      | Found a staircase to the Ecumenical Temple.
  3551 | D:5      | Slain by a gnoll

Vanquished Creatures
  A black bear (D:5)
  An ogre (D:4)
  3 wights (D:5)
  2 hounds
  A gnoll bouda (D:5)
  A jelly (D:5)
  2 iguanas
  An orc wizard (D:3)
  10 gnolls (D:5)
  5 adders
  2 ufetubi (D:5)
  15 orcs
  2 endoplasms
  2 giant cockroaches
  6 goblins
  8 hobgoblins
  6 jackals (D:4)
  3 quokkas
  4 ball pythons
  2 bats (D:1)
  2 frilled lizards (D:1)
  8 kobolds
  3 rats (D:2)
90 creatures vanquished.
